Map: Odyssey LE

Players

IraFunesta

  • Race: Protoss Protoss
  • League: Master
  • Spawn Location: 11:00

HEMORRHOIDS - Winner!

  • Race: Protoss Protoss
  • League: Master
  • Spawn Location: 5:00

VOD

Have the link to the VOD?

Description

Time

  • Played on: Dec. 17, 2017, 5:22 p.m.
  • Length: 7:16
Show
View Real Time Build Order
Export as new Build Order

IraFunesta Protoss 

Build Orders:  

Get SALT Encoding   

  12  0:00  Probe  
  13  0:13  Probe  
  14  0:17  Pylon  
  14  0:25  Probe  
  15  0:35  Gateway  
  15  0:39  Probe (Chrono Boost)  
  16  0:49  Assimilator  
  17  0:51  Probe (Chrono Boost)  
  17  0:54  Probe  
  18  1:03  Assimilator  
  18  1:06  Probe  
  19  1:18  Probe  
  20  1:25  Cybernetics Core  
  20  1:29  Pylon  
  20  1:30  Probe  
  21  1:50  Probe  
  22  2:02  Stargate  
  21  2:19  Nexus  
  21  2:35  Void Ray (Chrono Boost)  
  18  3:53  Assimilator  
  18  3:56  Probe  
  19  4:12  Gateway  
  19  4:19  Probe  
  20  4:29  Gateway  
  20  4:30  Pylon  
  20  4:49  Probe  
  20  4:52  Void Ray (Chrono Boost)  
  24  5:00  Nexus, Zealot  
  26  5:16  Zealot  
  28  5:36  Void Ray (Chrono Boost)  
  30  5:48  Pylon  
  30  5:50  Pylon  
  30  6:06  Zealot x2  
  30  6:26  Cybernetics Core  
  30  6:30  Assimilator  
  30  6:42  Probe  
Show
View Real Time Build Order
Export as new Build Order

HEMORRHOIDS Protoss - Winner!

Build Orders: Cannon Rush 

Get SALT Encoding   

  12  0:00  Probe  
  13  0:12  Probe  
  14  0:18  Pylon  
  14  0:24  Probe  
  15  0:37  Forge  
  15  0:40  Probe (Chrono Boost)  
  17  0:52  Probe (Chrono Boost)  
  17  1:08  Pylon  
  17  1:09  Pylon  
  17  1:12  Pylon  
  17  1:15  Pylon  
  17  1:27  Photon Cannon  
  17  1:33  Photon Cannon  
  17  1:38  Photon Cannon  
  17  1:43  Pylon  
  17  1:53  Probe  
  18  2:02  Photon Cannon  
  18  2:09  Photon Cannon  
  18  2:16  Pylon  
  18  2:24  Pylon  
  18  2:38  Photon Cannon  
  18  2:46  Photon Cannon  
  18  2:58  Photon Cannon  
  18  3:10  Photon Cannon  
  18  3:21  Probe  
  18  3:24  Assimilator  
  19  3:29  Assimilator  
  19  3:33  Probe  
  20  3:42  Photon Cannon  
  20  3:51  Photon Cannon  
  20  3:56  Probe  
  21  4:08  Probe  
  22  4:11  Pylon  
  22  4:20  Probe  
  23  4:30  Photon Cannon  
  23  4:41  Photon Cannon  
  23  4:51  Photon Cannon  
  23  4:54  Photon Cannon  
  23  5:05  Photon Cannon  
  23  5:16  Pylon  
  23  5:37  Photon Cannon  
  23  5:38  Photon Cannon  
  23  5:52  Gateway  
  23  5:58  Pylon  
  23  6:20  Pylon  
  23  6:32  Pylon  
  23  6:34  Pylon  
  23  6:47  Pylon  
  23  6:50  Photon Cannon  
Tags
 
Matchup
PvP
Spawn Locations
Cross Positions
Add a new tag
Caveats
  • Supply blocks, unpowered buildings, or Contaminate may cause inaccurate times.
  • Supply counts are checked every 10 seconds.